 Dungeon Crawl Stone Soup version 0.31.0-12-g77e489cdc1 (webtiles) character file.

Game seed: 16236178336550310236

21 spaghetti the Shooter (level 2, 26/26 HPs)
             Began as a Naga Hunter on Feb 18, 2024.
             Was a Follower of Kikubaaqudgha.
             Quit the game on level 1 of the Dungeon.
             The game lasted 00:00:54 (639 turns).

spaghetti the Shooter (Naga Hunter)                  Turns: 639, Time: 00:00:54

Health: 26/26      AC:  5    Str: 13    XL:     2   Next: 87%
Magic:  2/2        EV:  9    Int:  9    God:    Kikubaaqudgha [*.....]
Gold:   0          SH:  0    Dex: 14    Spells: 1/1 levels left

rFire   . . .        a - +0 shortbow
rCold   . . .        (shield currently unavailable)
rNeg    . . .        h - +3 leather armour
rPois   +            (no helmet)
rElec   .            (no cloak)
rCorr   .            (no gloves)
SInv    +            (no barding)
Will    .....        (no amulet)
Stlth   ++           (no ring)
HPRegen 0.24/turn    (no ring)
MPRegen 0.08/turn

%: no passive effects
@: very slow
A: AC +0, large, see invisible, deformed body, poison resistance, slowness 2,
spit poison 1, naga tail 1
a: Spit Poison, Renounce Religion, Unearth Wretches


You were on level 1 of the Dungeon.
You worshipped Kikubaaqudgha.
Kikubaaqudgha was aware of your devotion.
You visited 1 branch of the dungeon, and saw 1 of its levels.

Inventory:

Hand Weapons
 a - a +0 shortbow (weapon)
Armour
 c - a +1 leather armour
 h - a +3 leather armour (worn)
Scrolls
 b - a scroll of butterflies
 e - a scroll of enchant armour
 f - a scroll of teleportation {unknown}
Potions
 d - a potion of brilliance {unknown}
 g - a potion of berserk rage {unknown}


   Skills:
 - Level 2.0 Fighting
 + Level 4.4 Ranged Weapons
 - Level 1.5 Dodging
 - Level 1.5 Stealth


You had one spell level left.
You didn't know any spells.
Your spell library contained the following spells:

 Spells                   Type           Power      Damage    Failure   Level
 Kiss of Death            Conj/Necr      0%         2d5       45%         1
 Sublimation of Blood     Necr           0%         N/A       61%         2
 Confusing Touch          Hex            0%         N/A       83%         3
 Fugue of the Fallen      Necr           0%         N/A       83%         3
 Vampiric Draining        Necr           0%         2d6       83%         3
 Dispel Undead            Necr           0%         3d6       99%         4


Dungeon Overview and Level Annotations

Branches:
Dungeon (1/15)

Altars:
Kikubaaqudgha

Shops:
D:1 =


Innate Abilities, Weirdness & Mutations

Your serpentine skin is tough. (AC +0)
You have supernaturally acute eyesight. (SInv)
Armour fits poorly on your strangely shaped body.
Your system is resistant to poisons. (rPois)
You cover ground very slowly.
You can spit poison.
You have a snake-like lower body.


Message History

You see here a -2 sling.
This altar belongs to (a) Cheibriados, (b) Ashenzari or (c) Kikubaaqudgha, but you can't tell which.
Press the corresponding letter to learn more about a god, or press enter to convert or escape to cancel.
Okay, then.
You see here a +3 leather armour.
h - a +3 leather armour You start removing your armour.
You continue taking off your +1 leather armour. x4
You finish taking off your +1 leather armour.
You start putting on your armour.
You continue putting on your +3 leather armour. x5
You finish putting on your +3 leather armour.
Unknown command.
There is a faded altar of an unknown god here.
You see here a -2 sling.
This altar belongs to (a) Cheibriados, (b) Ashenzari or (c) Kikubaaqudgha, but you can't tell which.
Press the corresponding letter to learn more about a god, or press enter to convert or escape to cancel.
Kikubaaqudgha accepts your prayer! Kikubaaqudgha welcomes you!
You can now bring forth the wretched and dying.
Kikubaaqudgha grants you a gift!
You add the spells Kiss of Death, Sublimation of Blood, Fugue of the Fallen and Vampiric Draining to your library.
Unknown command.
Press < or > to pray at altars.
You see here a +0 club.
There is an ancient bone altar of Kikubaaqudgha here.
You see here a -2 sling.
You see here a rat corpse.
You pick up a book of Touch and begin reading...
You add the spells Confusing Touch and Dispel Undead to your library.
There is a dry fountain here.
There is a dry fountain here.
You see here 5 stones.
You see here a staff of alchemy.
You see here a staff of alchemy.
Done exploring.
Done exploring.
No target in view!
Done exploring.
Done exploring.
Done exploring.
Are you sure you want to abandon this character and quit the game? (Confirm with "yes".)

#.## #[# #....#####......#.###
...# #.# #.#.## #..#.###.# #..#
#># #.#.######..#.# #.# #..# #.#
#.#.#.......#.# #.# #..# #(#
#.#.#.##.##.#.# #.# #..#
#.###.#...........# #.# #..#
#†..)............####.# #..#
#####.#.#.#..##.......# #..#
###.####@..##############
#..######...#≈≈≈~~~≈≈##..........
.∩..........####...##############
#..###....##..####..# #
.......#####..# #..# # .#######
#..####..# .# #........# .#
#.#####.## .# #.......#


There were no monsters in sight!

Vanquished Creatures
  A dart slug (D:1)
  2 goblins (D:1)
  3 hobgoblins (D:1)
  2 jackals (D:1)
  6 ball pythons (D:1)
  A bat (D:1)
  A kobold (D:1)
  2 rats (D:1)
18 creatures vanquished.

Notes
Turn   | Place    | Note
-------+----------+-------------------------------------------
     0 | D:1      | spaghetti the Naga Hunter began the quest for the Orb.
     0 | D:1      | Reached XP level 1. HP: 19/19 MP: 1/1
   162 | D:1      | Reached skill level 4 in Ranged Weapons
   162 | D:1      | Reached XP level 2. HP: 26/26 MP: 2/2
   163 | D:1      | Found Qutril's Jewellery Shop.
   362 | D:1      | Found a faded altar of an unknown god.
   383 | D:1      | Prayed at the altar of an unknown god.
   383 | D:1      | Became a worshipper of Kikubaaqudgha
   383 | D:1      | Reached * piety under Kikubaaqudgha
   383 | D:1      | Received a gift from Kikubaaqudgha
   639 | D:1      | Quit the game

Illustrated notes

Levels and vault maps discovered:
D:1:      dpeg_arrival_leaves_temple_mockup, layout_loops_ring, serial_shops,
          shop, serial_glass, glass_columns_a, glass_columns_a, glass_columns_c,
          ebering_ecumenical_altar_rust, chequers_serial_rivers_micro_a,
          minmay_pentomino_v2

Skill      XL: |  1 |
---------------+----+-----
Ranged Weapons | 4 |  4.4
Fighting       | |  2.0
Dodging        | |  1.5
Stealth        | |  1.5

Action                     || total
---------------------------++-------
   Fire: Shortbow          ||    52
    Use: Scroll            ||     3
 Armour: Leather armour    ||    11
  Dodge: Dodged            ||    11
